 Seeded DCSS version 0.29.1-13-g9f3cf754e1 (webtiles) character file.

Game seed: 1 (custom seed)

18573 Kazon the Spear-Bearer (level 12, 0/91 HPs)
             Began as a Demonspawn Fighter on Jan 24, 2023.
             Was the Champion of Okawaru.
             Slain by a catoblepas (6 damage)
             ... on level 2 of the Lair of Beasts on Jan 25, 2023.
             The game lasted 00:47:20 (9151 turns).

Kazon the Spear-Bearer (Demonspawn Fighter)         Turns: 9151, Time: 00:47:21

Health: 0/91       AC: 15    Str: 16    XL:     12   Next: 28%
Magic:  18/18      EV:  8    Int: 14    God:    Okawaru [******]
Gold:   127        SH:  6    Dex: 14    Spells: 11/11 levels left

rFire   + + +      SeeInvis .   f - +2 Maxwell's thermic engine {flame, freeze}
rCold   + + +      Faith    .   c - +0 buckler
rNeg    . . .      Spirit   .   C - +3 leather armour {rC+}
rPois   +          Reflect  .   r - +0 helmet
rElec   .          Harm     .   P - scarf {rC+ rF+}
rCorr   .          Rampage  .   (no gloves)
Will    .....                   o - +2 pair of boots
Stlth   +++++.....              U - amulet "Odemouw" {Contam rPois rF+++ Regen+ Stlth+}
HPRegen 1.05/turn               N - ring of protection from cold
MPRegen 0.16/turn               n - ring of protection from cold

@: about to teleport, heroic, petrifying (expiring), very slow
A: claws 2, yellow scales 2, powered by death 1, spiny 2
a: Renounce Religion, Heroism, Finesse, Duel


You were on level 2 of the Lair of Beasts.
You worshipped Okawaru.
Okawaru was exalted by your worship.
You visited 3 branches of the dungeon, and saw 14 of its levels.

You collected 903 gold pieces.
You spent 776 gold pieces at shops.

Inventory:

Hand Weapons
 e - a +2 dagger of venom
 f - the +2 Maxwell's thermic engine (weapon) {flame, freeze}
   (You found it on level 1 of the Lair of Beasts)

   It burns those it strikes, dealing additional fire damage.
   Big, fiery blades are also staple armaments of hydra-hunters.
   It freezes those it strikes, dealing additional cold damage.
   It can also slow down cold-blooded creatures.
   It becomes more effective when it hits something.
   This effect fades over time.
 q - the +5 glaive of the Guard {elec, spectral, AC+5}
   (You acquired it on level 1 of the Dungeon)

   It occasionally discharges a powerful burst of electricity upon striking a
   foe.
   When it strikes, its spirit leaps out and fights alongside the wielder.
   AC:        It affects your AC (+5).
Missiles
 l - a throwing net
 m - 32 boomerangs (quivered)
 A - 4 curare-tipped darts
 H - 35 poisoned darts
 S - 2 datura-tipped darts
Armour
 c - a +0 buckler (worn)
 o - a +2 pair of boots (worn)
 r - a +0 helmet (worn)
 C - a +3 leather armour of cold resistance (worn)
 P - a scarf of resistance (worn)
Jewellery
 n - a ring of protection from cold (right claw)
 x - a +6 ring of dexterity
 N - a ring of protection from cold (left claw)
 U - the amulet "Odemouw" (around neck) {Contam rPois rF+++ Regen+ Stlth+}
   (You bought it in a shop on level 8 of the Dungeon)

   [amulet of regeneration]

   rF:        It renders you almost immune to fire.
   rPois:     It protects you from poison.
   Contam:    It causes magical contamination when unequipped.
   Regen:     It increases your rate of health regeneration.
   Stlth:     It makes you more stealthy.
Wands
 z - a wand of mindburst (20)
 B - a wand of flame (38)
 E - a wand of paralysis (25)
 J - a wand of roots (6)
 R - a wand of polymorph (7)
Scrolls
 i - 5 scrolls of identify
 p - 2 scrolls of poison {unknown}
 s - 4 scrolls of fog {unknown}
 u - 3 scrolls of teleportation
 w - a scroll of magic mapping
 y - a scroll of immolation
 F - 2 scrolls of enchant weapon {unknown}
 G - 3 scrolls of fear
Potions
 a - a potion of ambrosia
 b - 3 potions of berserk rage
 d - 2 potions of might
 g - 2 potions of haste {unknown}
 h - 3 potions of flight {unknown}
 j - 5 potions of attraction {unknown}
 v - 6 potions of lignification {unknown}
 D - 2 potions of cancellation {unknown}
 I - 2 potions of curing
 Q - a potion of invisibility
Miscellaneous
 M - a condenser vane


   Skills:
 + Level 7.6(12.6) Fighting
 + Level 3.4(9.6) Short Blades
 + Level 4.6(10.2) Long Blades
 + Level 9.8(14.8) Polearms
 + Level 6.1(11.1) Throwing
 + Level 5.7(10.7) Armour
 + Level 4.0(9.0) Dodging
 + Level 5.9(10.9) Stealth
 + Level 4.8(9.8) Shields
 * Level 8.0 Invocations
 * Level 7.1 Evocations


You had 11 spell levels left.
You didn't know any spells.
Your spell library contained the following spells:

 Spells                   Type           Power      Damage    Failure   Level
 Apportation              Tloc           0%         N/A       38%         1
 Magic Dart               Conj           0%         1d3       38%         1
 Necrotise                Necr           0%         1d4       38%         1
 Sting                    Tmut/Pois      0%         1d3       38%         1
 Poisonous Vapours        Pois/Air       0%         N/A       52%         2
 Mephitic Cloud           Conj/Pois/Air  0%         N/A       77%         3
 Ozocubu's Armour         Ice            0%         N/A       77%         3
 Olgreb's Toxic Radiance  Pois           0%         N/A       99%         4
 Fireball                 Conj/Fire      0%         3d3       100%        5
 Iskenderun's Battlesphe  Conj           0%         2d6       100%        5
 Metabolic Englaciation   Hex/Ice        0%         N/A       100%        5
 Conjure Ball Lightning   Conj/Air       0%         3x3d6     100%        6
 Orb of Destruction       Conj           0%         9d5       100%        7
 Summon Small Mammal      Summ           Unusable   N/A       N/A         1
 Call Imp                 Summ           Unusable   N/A       N/A         2
 Simulacrum               Ice/Necr       Unusable   N/A       N/A         6

Dungeon Overview and Level Annotations

Branches:
Dungeon (11/15)            Temple (1/1) D:7            Lair (2/5) D:10
  Swamp: Lair:2-3    Shoals: Lair:2-3     Snake: Lair:2-3    Spider: Lair:2-3
    Orc: D:9-12

Altars:
Ashenzari
Dithmenos
Gozag
Hepliaklqana
Makhleb
Nemelex Xobeh
Okawaru
Uskayaw
Xom

Shops:
D:3 (   D:8 ?(==   D:10 :


Innate Abilities, Weirdness & Mutations

You have very sharp fingernails.
You are mostly covered in yellow scales. (AC +3)
You regenerate a little health from kills.
You are mostly covered in sharp spines.


Message History

You are engulfed in calcifying dust.
The catoblepas gores you!!
* * * LOW HITPOINT WARNING * * *
The cane toad is struck by your spines.
The cane toad stings you but does no damage.
You are engulfed in calcifying dust.
The cane toad is struck by your spines.
The cane toad stings you but does no damage.
The catoblepas is struck by your spines.
The catoblepas gores you!!
* * * LOW HITPOINT WARNING * * *
You are engulfed in calcifying dust.
The cane toad is struck by your spines.
The cane toad stings you but does no damage.
The catoblepas gores you!
* * * LOW HITPOINT WARNING * * *
You are engulfed in calcifying dust.
The cane toad is struck by your spines. The cane toad stings you.
* * * LOW HITPOINT WARNING * * *
The catoblepas is struck by your spines.
The catoblepas gores you but does no damage.
The cane toad stings you but does no damage.
You turn to flesh and can move again.
You feel much better.
The catoblepas breathes a plume of calcifying dust at you.
The blast of calcifying dust hits you but does no damage.
The cane toad stings you!
* * * LOW HITPOINT WARNING * * *
As you read the scroll of teleportation, it crumbles to dust.
You feel strangely unstable.
You are engulfed in calcifying dust.
You are slowing down.
The catoblepas is struck by your spines.
The catoblepas gores you but does no damage.
The cane toad is struck by your spines. The cane toad misses you.
You hit the cane toad but do no damage. You freeze the cane toad.
The cane toad is severely wounded.
You are engulfed in calcifying dust.
Your limbs have turned to stone.
The cane toad stings you!!
* * * LOW HITPOINT WARNING * * *
The catoblepas gores you!
* * * LOW HITPOINT WARNING * * *
The cane toad stings you. The catoblepas gores you!
You die...

....... ........
........
.......########
.......#P.....####
##..##...........##
#....##.≈~~≈~~~...#
#...§##.≈♣♣♣♣♣≈.P##
#..@.P#.~♣ ♣≈.##
#.###YPF...~♣♣♣♣♣≈.##
.......†...~~~~~~≈..#
####...###.........##
#..## ##.P#.....#
..... #..##....##
........##..#....##
............#....###
.##..P.#...###...#.##.


You could see a catoblepas and a cane toad.

Vanquished Creatures
  Erolcha (D:10)
  A two-headed ogre (D:9)
  An ugly thing (D:11)
  3 black mambas
  3 cane toads
  Maggie (D:6)
  4 kobold demonologists (D:11)
  5 komodo dragons
  2 trolls (D:10)
  Prince Ribbit (D:9)
  7 blink frogs
  2 shadows
  A vampire (D:10)
  20 yaks
  2 wyverns
  2 basilisks (Lair:1)
  Eustachio (D:5)
  2 steam dragons
  Menkaure (D:5)
  Edmund (D:6)
  2 acid dragons
  4 water moccasins
  5 orc warriors
  An ice beast (D:8)
  5 sky beasts
  2 black bears (D:6)
  4 centaurs
  An ogre (D:6)
  A wolf (D:10)
  2 phantoms (D:6)
  3 kobold brigands
  3 necrophages
  4 bullfrogs
  A gnoll sergeant (D:7)
  5 scorpions
  21 wights
  3 killer bees (D:10)
  3 electric eels
  A howler monkey (D:5)
  2 jellies (D:6)
  6 hounds
  7 orc priests
  A gnoll bouda (D:7)
  6 iguanas
  4 orc wizards
  Robin (D:3)
  15 gnolls
  13 adders
  3 shadow imps
  2 white imps (D:7)
  An ufetubus (D:5)
  3 worms
  37 orcs
  11 endoplasms
  A giant cockroach (D:1)
  16 goblins
  9 hobgoblins
  A jackal (D:4)
  27 kobolds
  A quokka (D:1)
  5 ball pythons
  4 bats
  3 frilled lizards
  6 rats
317 creatures vanquished.

Vanquished Creatures (others)
  A quokka (D:7)
  5 fungi (Lair:2)
  4 plants (Lair:2)
10 creatures vanquished.

Grand Total: 327 creatures vanquished

Notes
Turn   | Place    | Note
-------+----------+-------------------------------------------
     0 | D:1      | Kazon the Demonspawn Fighter began the quest for the Orb.
     0 | D:1      | Reached XP level 1. HP: 18/18 MP: 1/1
    32 | D:1      | Identified a scroll of acquirement
    32 | D:1      | Acquired the +5 glaive of the Guard {elec, spectral, AC+5}
    32 | D:1      | Found the +5 glaive of the Guard {elec, spectral, AC+5}
   151 | D:1      | Gained mutation: You are partially covered in sharp spines.
                  | [demonic ancestry]
   151 | D:1      | Reached XP level 2. HP: 24/24 MP: 2/2
   730 | D:2      | Gained mutation: You regenerate a little health from kills.
                  | [demonic ancestry]
   730 | D:2      | Reached XP level 3. HP: 29/29 MP: 3/3
   753 | D:2      | Reached skill level 1 in Polearms
   785 | D:2      | Reached XP level 4. HP: 35/35 MP: 4/4
  1153 | D:2      | Reached skill level 2 in Polearms
  1309 | D:3      | Found Umat's Antique Weapon Boutique.
  1569 | D:3      | Reached XP level 5. HP: 42/42 MP: 5/5
  1571 | D:3      | Noticed Robin
  1580 | D:3      | Killed Robin
  1718 | D:3      | Reached skill level 5 in Fighting
  1718 | D:3      | Reached skill level 5 in Armour
  1718 | D:3      | Reached XP level 6. HP: 52/52 MP: 6/6
  1841 | D:4      | Reached skill level 3 in Polearms
  2367 | D:4      | Gained mutation: You have sharp fingernails. [demonic
                  | ancestry]
  2367 | D:4      | Reached XP level 7. HP: 56/57 MP: 7/7
  2546 | D:4      | Found a hazy altar of Hepliaklqana.
  2705 | D:5      | Entered Level 5 of the Dungeon
  2740 | D:5      | Noticed Eustachio
  2744 | D:5      | Killed Eustachio
  2745 | D:5      | Reached skill level 4 in Polearms
  2745 | D:5      | Reached skill level 1 in Evocations
  2751 | D:5      | Gained mutation: You have very sharp fingernails. [demonic
                  | ancestry]
  2751 | D:5      | Reached XP level 8. HP: 32/64 MP: 8/8
  2885 | D:5      | Noticed Menkaure
  2895 | D:5      | Killed Menkaure
  3360 | D:5      | Reached skill level 5 in Polearms
  3961 | D:6      | Gained mutation: You are mostly covered in sharp spines.
                  | [demonic ancestry]
  3961 | D:6      | Reached XP level 9. HP: 69/69 MP: 9/9
  3978 | D:6      | Noticed Maggie
  3985 | D:6      | Killed Maggie
  4082 | D:7      | Found a staircase to the Ecumenical Temple.
  4092 | Temple   | Entered the Ecumenical Temple
  4099 | Temple   | Became a worshipper of Warmaster Okawaru
  4130 | D:7      | Found a hide-covered altar of Uskayaw.
  4198 | D:6      | Reached skill level 6 in Polearms
  4206 | D:6      | Reached skill level 1 in Invocations
  4210 | D:6      | Reached * piety under Okawaru
  4242 | D:6      | Noticed Edmund
  4252 | D:6      | Killed Edmund
  4325 | D:6      | Reached ** piety under Okawaru
  4653 | D:7      | Gained mutation: You are partially covered in yellow
                  | scales. (AC +2) [demonic ancestry]
  4653 | D:7      | Reached XP level 10. HP: 76/76 MP: 11/11
  4890 | D:7      | Reached skill level 5 in Throwing
  4890 | D:7      | Reached skill level 5 in Stealth
  5240 | D:8      | Found Heidghoki's Jewellery Shop.
  5277 | D:8      | Found Zoxtaeshakh's Jewellery Boutique.
  5313 | D:8      | Found Quzidd's Magic Scroll Emporium.
  5318 | D:8      | Bought a scroll of teleportation for 42 gold pieces
  5653 | D:8      | Found Esumer's Weapon Shop.
  6000 | D:9      | Reached skill level 7 in Polearms
  6100 | D:9      | Reached *** piety under Okawaru
  6246 | D:9      | Noticed Prince Ribbit
  6252 | D:9      | Killed Prince Ribbit
  6373 | D:9      | Noticed a two-headed ogre
  6383 | D:9      | Killed a two-headed ogre
  6384 | D:9      | Reached skill level 5 in Invocations
  6447 | D:9      | Reached skill level 5 in Evocations
  6538 | D:10     | Entered Level 10 of the Dungeon
  6607 | D:10     | Found Juagoaq's Book Shoppe.
  6644 | D:10     | Reached **** piety under Okawaru
  6721 | D:10     | Gained mutation: You are mostly covered in yellow scales.
                  | (AC +3) [demonic ancestry]
  6721 | D:10     | Reached XP level 11. HP: 77/83 MP: 14/14
  6758 | D:10     | Found a staircase to the Lair.
  6802 | D:10     | Noticed Erolcha
  6813 | D:10     | Killed Erolcha
  6814 | D:10     | Reached skill level 8 in Polearms
  6879 | D:10     | Identified the +5 long sword of the Land of Plenty {drain,
                  | Dex+3}
  7366 | D:10     | Received a gift from Okawaru
  7680 | D:11     | Noticed a green ugly thing
  7684 | D:11     | Killed a green ugly thing
  7684 | D:11     | Reached ***** piety under Okawaru
  7705 | D:11     | Received a gift from Okawaru
  7817 | D:11     | Reached skill level 9 in Polearms
  8199 | D:8      | Bought the amulet "Odemouw" {Contam rPois rF+++ Regen+
                  | Stlth+} for 734 gold pieces
  8269 | Lair:1   | Entered Level 1 of the Lair of Beasts
  8331 | Lair:1   | Found the +2 Maxwell's thermic engine {flame, freeze}
  8525 | Lair:1   | Reached XP level 12. HP: 60/91 MP: 17/17
  8562 | Lair:1   | Received a gift from Okawaru
  8885 | Lair:2   | Reached ****** piety under Okawaru
  9130 | Lair:2   | Noticed a catoblepas
  9151 | Lair:2   | Slain by a catoblepas

Illustrated notes

Levels and vault maps discovered:
D:1:      dpeg_arrival_three_smaller_balls, layout_basic
D:2:      layout_loops_ring
D:3:      layout_basic, serial_shops, nicolae_shop_stone, st_stairs_9,
          minmay_misc_feat_doors, eino_curves_03, uniq_robin
D:4:      minmay_wonky_spiral, layout_basic,
          mainiacjoe_overflow_surrounded_room, minivault_5
D:5:      layout_cave_pods, uniq_menkaure, uniq_eustachio
D:6:      cheibrodos_barr_body, layout_basic, minmay_crystal_room,
          minmay_pentangle, uniq_maggie, uniq_edmund
D:7:      layout_cave_pools, nicolae_uskayaw_murder_on_the_dancefloor,
          elyvilon_altar_4, minmay_temple_entry_purple_smoke
D:8:      layout_basic, serial_shops, shop_statue, kennysheep_little_box, shop,
          nicolae_shop_window_shopping
D:9:      layout_cave_pools, uniq_prince_ribbit1
D:10:     layout_stronghold, erik_lair_island, serial_shops,
          nicolae_shop_statue_plus, uniq_erolcha
D:11:     layout_roguey
Temple:   nicolae_temple_bog_church
Lair:1:   layout_long_grid, fungi_pond_lemuel, cheibrodos_lair_reptile_den
Lair:2:   layout_gridlike, uniq_fannar

Skill      XL: |  1  2  3  4  5  6  7  8  9 10 11 12 |
---------------+-------------------------------------+-----
Armour         | 3 5 |  5.7
Shields        | 3 4 |  4.8
Polearms       | 1 2 3 4 5 6 7 9 |  9.8
Long Blades    | 2 4 |  4.6
Fighting       | 5 6 7 |  7.6
Short Blades   | 3 |  3.4
Throwing       | 3 4 5 6 |  6.1
Dodging        | 3 4 |  4.0
Stealth        | 4 5 |  5.9
Evocations     | 1 2 4 5 6 7 |  7.1
Invocations    | 2 5 7 8 |  8.0

Action                   |  1- 3 |  4- 6 |  7- 9 | 10-12 || total
-------------------------+-------+-------+-------+-------++-------
Melee: Glaive            |    33 |    50 |   104 |   197 ||   384
       Double sword      |       |       |       |    56 ||    56
Throw: Stone             |     2 |    31 |    16 |    89 ||   138
       Boomerang         |       |    10 |    17 |    11 ||    38
Invok: Heroism           |       |       |       |     2 ||     2
Evoke: Wand              |       |       |       |     5 ||     5
  Use: Scroll            |     1 |       |     2 |    11 ||    14
       Potion            |       |     1 |     2 |     2 ||     5
 Stab: Sleeping          |       |       |     7 |     9 ||    16
       Paralysed         |       |       |       |     2 ||     2
       Distracted        |       |       |       |     1 ||     1
Armor: Scale mail        |    17 |     9 |     9 |       ||    35
       Leather armour    |       |       |    14 |    68 ||    82
Dodge: Dodged            |    15 |    12 |    35 |    93 ||   155
Block: Buckler           |     1 |       |       |     8 ||     9
